 Dungeon Sprint DCSS version 0.27-a0-1140-g099f9bb0e8 (webtiles) character file.

Game seed: 17904155808401283642

206 Zeld the Shield-Bearer (level 5, -2/43 HPs)
             Began as an Octopode Fighter on May 10, 2021.
             Was a Follower of Okawaru.
             Slain by an ice beast (12 damage)
             ... while paralysed by a floating eye
             ... in the Dungeon (Sprint VII: "The Pits").
             The game lasted 00:01:10 (918 turns).

Zeld the Shield-Bearer (Octopode Fighter)            Turns: 918, Time: 00:01:10

Health: -2/43      AC:  1    Str: 17    XL:     5   Next: 84%
Magic:  5/5        EV:  2    Int: 10    God:    Okawaru [*.....]
Gold:   0          SH:  0    Dex: 11    Spells: 4/4 levels left

rFire    . . .     SeeInvis .   a - +0 war axe
rCold    . . .     Faith    .   b - +0 kite shield
rNeg     . . .     Spirit   .   (helmet restricted)
rPois    .         Reflect  .   (no amulet)
rElec    .         Harm     .   (no ring)
rCorr    .         Rampage  .   (no ring)
Will     .....     NoTele   +   (no ring)
Stlth    ++........             (no ring)
HPRegen  0.14/turn              (no ring)
MPRegen  0.09/turn              (no ring)
                                (no ring)
                                (no ring)

@: paralysed
A: almost no armour, amphibious, 8 rings, camouflage 1, gelatinous body 1,
(nimble swimmer 1), tentacles
a: Renounce Religion, Heroism


You were in the Dungeon.
You worshipped Okawaru.
Okawaru was aware of your devotion.
You visited 1 branch

Inventory:

Hand Weapons
 a - a +0 war axe (weapon)
Armour
 b - a +0 kite shield (worn)
Scrolls
 i - a scroll of blinking
 k - 5 scrolls of amnesia
 l - a scroll of summoning
Potions
 c - a potion of might
 d - 6 potions of curing
 e - 5 potions of heal wounds
 f - a potion of haste
 g - 4 potions of magic
 h - 3 potions of berserk rage
 j - 2 potions of invisibility


   Skills:
 * Level 7.3 Fighting
 * Level 6.9 Axes
 - Level 3.0 Dodging
 * Level 7.3 Shields


You had 4 spell levels left.
You didn't know any spells.
Your spell library was empty.

Dungeon Overview and Level Annotations

Branches:
Dungeon (1/1)

Altars:
Ashenzari
Cheibriados
Dithmenos
Elyvilon
Fedhas
Gozag
Hepliaklqana
Kikubaaqudgha
Makhleb
Nemelex Xobeh
Okawaru
Qazlal
Ru
Sif Muna
Trog
Uskayaw
Vehumet
Wu Jian
Xom
Yredelemnul
Zin
The Shining One
Beogh
Jiyva
Lugonu


Innate Abilities, Weirdness & Mutations

You cannot wear most types of armour.
You are amphibious.
You can wear up to eight rings at the same time.
Your skin changes colour to match your surroundings (Stealth+).
Your rubbery body absorbs attacks. (AC +1, EV +1)
((You are camouflaged near water. (Stealth+)))
You have tentacles for arms and can constrict up to eight enemies at once.


Message History

You see here a +2 vorpal trident.
You see here a +2 plate armour.
There is an open door here.
You see here a jackal corpse.
You see here a jackal corpse.
There is an open door, spattered with blood here.
You see here a wolf corpse.
There is an open door here.
You see here a +0 dagger.
There is an open door, spattered with blood here.
As you open the door, it creaks loudly!
There is an open door here.
You open the door.
A floating eye comes into view.
An ice beast comes into view.
There is an open door here.
You hit the ice beast but do no damage. The ice beast closely misses you.
You hit the ice beast but do no damage. The ice beast hits you.
The ice beast freezes you.
You barely miss the ice beast. You block the ice beast's attack.
You hit the ice beast.
The ice beast is lightly wounded.
The ice beast hits you. The ice beast freezes you.
You barely miss the ice beast. Your squeeze misses the ice beast.
The ice beast is lightly wounded.
The ice beast hits you but does no damage.
The ice beast hits you. The ice beast freezes you!
* * * LOW HITPOINT WARNING * * *
You are too injured to fight recklessly!
You are too injured to fight recklessly!
You are too injured to fight recklessly!
The floating eye turns its gaze towards you.
The floating eye pulsates ominously.
The floating eye's view fixates on you.
The floating eye gazes piercingly through you!
You suddenly lose the ability to move!
The ice beast hits you.
* * * LOW HITPOINT WARNING * * *
The ice beast freezes you!
You die...

#_________.#
#_________.#
#_______...#######
##########'##.....
#.?(.')))'.##.....
##########.##.....
#...........'.....
#'#####'#####.....
#@#...#)#..##.....
#Y#..÷#.#))#####'#
#.#...'.#))##.....
#.##†####))##.....
#.#.††..#[[##.....
#.#.....#'###...<.
#G#........##.....
#.#........##.....
#'###########.....


You could see an ice beast and a floating eye.

Vanquished Creatures
  A floating eye (D)
  A wolf (D)
  A river rat (D)
  A giant cockroach (D)
  A hobgoblin (D)
  5 jackals (D)
  A kobold (D)
  A quokka (D)
12 creatures vanquished.

Notes
Turn   | Place    | Note
-------+----------+-------------------------------------------
     0 | D        | Zeld the Octopode Fighter began the quest for the Orb.
     0 | D        | Reached XP level 1. HP: 16/16 MP: 1/1
    13 | D        | Found a bloodstained altar of Trog.
    13 | D        | Found a shimmering blue altar of Sif Muna.
    13 | D        | Found a viscous altar of Jiyva.
    13 | D        | Found a hazy altar of Hepliaklqana.
    13 | D        | Found an opulent altar of Gozag.
    14 | D        | Found a glowing golden altar of the Shining One.
    14 | D        | Found a glowing silver altar of Zin.
    14 | D        | Found a basalt altar of Yredelemnul.
    14 | D        | Found a shimmering altar of Xom.
    14 | D        | Found an ornate altar of the Wu Jian Council.
    14 | D        | Found a sacrificial altar of Ru.
    14 | D        | Found a stormy altar of Qazlal.
    14 | D        | Found an iron altar of Okawaru.
    14 | D        | Found a sparkling altar of Nemelex Xobeh.
    14 | D        | Found a burning altar of Makhleb.
    14 | D        | Found a blossoming altar of Fedhas.
    14 | D        | Found a white marble altar of Elyvilon.
    14 | D        | Found a shadowy altar of Dithmenos.
    14 | D        | Found a snail-covered altar of Cheibriados.
    15 | D        | Found a radiant altar of Vehumet.
    15 | D        | Found a corrupted altar of Lugonu.
    16 | D        | Found an ancient bone altar of Kikubaaqudgha.
    16 | D        | Found a hide-covered altar of Uskayaw.
    16 | D        | Found a broken altar of Ashenzari.
    20 | D        | Became a worshipper of Warmaster Okawaru
   153 | D        | Reached XP level 2. HP: 5/22 MP: 2/2
   708 | D        | Noticed a floating eye
   710 | D        | Noticed a wolf
   714 | D        | Paralysed by a floating eye for 2 turns
   719 | D        | Killed a wolf
   719 | D        | Reached * piety under Okawaru
   720 | D        | Reached skill level 5 in Axes
   720 | D        | Reached skill level 5 in Shields
   720 | D        | Reached XP level 3. HP: 18/30 MP: 3/3
   720 | D        | Reached XP level 4. HP: 21/36 MP: 4/4
   720 | D        | Killed a floating eye
   721 | D        | Reached XP level 5. HP: 25/43 MP: 5/5
   891 | D        | Noticed a floating eye
   903 | D        | Noticed an ice beast
   917 | D        | Paralysed by a floating eye for 4 turns
   918 | D        | Slain by an ice beast

Illustrated notes

Levels and vault maps discovered:
D:        pitsprint [storerooms_1, entrance_room_1, metal_vault_3, armoury_2,
          mini_pit_1, grid_room_1, main_hall_1, silver_pit, the_coven_3,
          the_vestibule_1, steel_vault_2, golden_pit, hallway_of_sentries,
          crystal_vault_1, iron_vault_4, final_vault]

Skill      XL: |  1  2  3  4 |
---------------+-------------+-----
Axes           | 3 5 6 |  6.9
Fighting       | 6 7 |  7.3
Shields        | 5 7 |  7.3
Dodging        | |  3.0

Action                   |  1- 3 |  4- 6 || total
-------------------------+-------+-------++-------
Melee: War axe           |    14 |     6 ||    20
       Constrict         |     4 |       ||     4
       Tentacles         |     2 |       ||     2
  Use: Potion            |     1 |       ||     1
 Stab: Sleeping          |     1 |       ||     1
Armor: Skin              |       |     1 ||     1
Dodge: Dodged            |     7 |     1 ||     8
Block: Kite shield       |    10 |     1 ||    11

Table legend: (Time is in decaauts)
 A = Elapsed time spent in this place.
 B = Non-inter-level travel time spent in this place.
 C = Inter-level travel time spent in this place.
 D = Time resting spent in this place.
 E = Time spent auto-exploring this place.
 F = Levels seen in this place.
 G = Mean time per level.
                   A        B        C        D        E       F      G
               +--------+--------+--------+--------+--------+-----+--------+
         Total |    927 |    909 |     18 |    748 |      0 |   1 |  927.0 |
       Dungeon |    927 |    909 |     18 |    748 |      0 |   1 |  927.0 |
               +--------+--------+--------+--------+--------+-----+--------+

Top non-repeatable levels by time:
       D: 927 daAuts
